 Dungeon Crawl Stone Soup version 0.20.1-1-g8b1a95d (webtiles) character file.

631 Folque the Magician (level 7, -1/45 HPs)
             Began as an Octopode Wizard on Dec 6, 2017.
             Slain by an ice beast (9 damage)
             ... on level 5 of the Dungeon.
             The game lasted 00:16:20 (5006 turns).

Folque the Magician (Octopode Wizard)               Turns: 5006, Time: 00:16:22

Health: -1/45      AC:  1    Str:  6    XL:     7   Next: 48%
Magic:  3/14       EV: 13    Int: 22    God:
Gold:   186        SH:  0    Dex: 11    Spells: 8/16 levels left

rFire    . . .     SeeInvis .   z - +0 falchion
rCold    . . .     Gourm    .   (no shield)
rNeg     . . .     Faith    .   a - +0 hat
rPois    .         Spirit   .   (no amulet)
rElec    .         Reflect  .   (no ring)
rCorr    .         Harm     .   (no ring)
MR       .....                  (no ring)
Stlth    +++.......             (no ring)
Regen    0.2/turn               (no ring)
MPRegen  0.2/turn               (no ring)
                                (no ring)
                                (no ring)

@: very slightly contaminated
A: almost no armour, stealthy swim, amphibious, 8 rings, constrict 8, camouflage
1, gelatinous body 1
a: no special abilities


You were on level 5 of the Dungeon.
You were not hungry.

You visited 1 branch of the dungeon, and saw 5 of its levels.

You collected 186 gold pieces.

Inventory:

Hand Weapons
 j - a +0 dagger
 m - a +1 short sword
 v - a cursed -2 hand axe
 z - a +0 falchion (weapon)
Missiles
 o - 4 tomahawks (quivered)
 p - a throwing net
Armour
 a - a +0 hat (worn)
Wands
 g - a wand of iceblast (10/15)
 k - a wand of paralysis (15/24)
 y - a wand of digging (7/24)
Scrolls
 d - 3 scrolls of remove curse
 i - 3 scrolls of identify {unknown}
 l - 3 scrolls of teleportation
 n - 2 scrolls of magic mapping {unknown}
 q - a scroll of recharging {unknown}
 u - a scroll of blinking {unknown}
Potions
 h - 3 potions of haste {unknown}
 r - a potion of magic {unknown}
 t - a potion of degeneration {unknown}
 x - 2 potions of heal wounds {unknown}
 A - a potion of brilliance {unknown}
Books
 b - a book of Minor Magic

   Spells                             Type                      Level
   a - Magic Dart                     Conjuration                  1
   b - Blink                          Translocation                2
   c - Call Imp                       Summoning                    2
   d - Slow                           Hexes                        2
   e - Conjure Flame                  Conjuration/Fire             3
   f - Mephitic Cloud                 Conjuration/Poison/Air       3
Comestibles
 c - 3 bread rations
 f - 5 fruits
 s - a meat ration


   Skills:
 - Level 2.0 Fighting
 - Level 1.0 Throwing
 - Level 2.0 Dodging
 - Level 2.6 Stealth
 + Level 5.1 Spellcasting
 * Level 5.1 Conjurations
 - Level 1.0 Summonings
 - Level 1.0 Translocations
 - Level 3.0 Poison Magic


You had 8 spell levels left.
You knew the following spells:

 Your Spells              Type           Power        Failure   Level  Hunger
a - Magic Dart            Conj           ####         1%          1    None
b - Call Imp              Summ           ##......     10%         2    None
c - Blink                 Tloc           N/A          10%         2    None
d - Mephitic Cloud        Conj/Pois/Air  ###.....     10%         3    ##.....


Dungeon Overview and Level Annotations

Branches:
Dungeon (5/15)
 Temple: D:4-7

Altars:
Cheibriados
Dithmenos
Elyvilon
Qazlal
Ru
Xom


Innate Abilities, Weirdness & Mutations

You cannot wear most types of armour.
You are very stealthy in the water. (Stealth+)
You are amphibious.
You can wear up to eight rings at the same time.
You can use your tentacles to constrict eight enemies at once.
Your skin changes colour to match your surroundings (Stealth+).
Your rubbery body absorbs attacks. (AC +1, EV +1)


Message History

The ice beast is heavily wounded.
Your crimson imp barely misses the ice beast.
The ice beast barely misses you.
Your iron imp hits the ice beast!
You closely miss the ice beast.
The ice beast is severely wounded.
Your crimson imp closely misses the ice beast.
The ice beast closely misses you.
Your iron imp barely misses the ice beast.
Your crimson imp hits the ice beast.
You barely miss the ice beast.
The ice beast is severely wounded.
Your crimson imp blinks!
The ice beast hits you. The ice beast freezes you!
* * * LOW HITPOINT WARNING * * *
Your crimson imp barely misses the ice beast.
Your iron imp closely misses the ice beast.
The ice beast hits you.
* * * LOW HITPOINT WARNING * * *
The ice beast freezes you!
You die...

## . #. . #. ## .#
#...##.##...
##.#........#
#####..#.#.#%#..#
....5..5.ยง......#
#@Y#.#.#..
#..5.....#
##.#.#.#.#
#.......#
####..### ###.#
#..# #..# #..#


You could see an ice beast, a friendly iron imp and 2 friendly crimson imps.

Vanquished Creatures
  Eustachio (D:5)
  An ogre (D:4)
  A bullfrog zombie (D:5)
  A bullfrog skeleton (D:5)
  A centaur skeleton (D:4)
  An iguana (D:4)
  Ijyb (D:4)
  4 worker ants
  8 adders
  An adder skeleton (D:4)
  2 worms (D:2)
  4 dart slugs
  3 leopard geckos
  4 orcs
  9 bats
  4 giant cockroaches
  9 goblins
  3 hobgoblins (D:1)
  2 jackals (D:2)
  11 kobolds
  A quokka (D:5)
  A ball python (D:2)
  7 frilled lizards
  7 rats
87 creatures vanquished.

Vanquished Creatures (collateral kills)
  An orc priest (D:5)
  An orc wizard (D:5)
  2 adders
  A worm (D:3)
  2 orcs (D:5)
  2 jackals (D:2)
9 creatures vanquished.

Grand Total: 96 creatures vanquished

Notes
Turn   | Place    | Note
-------+----------+-------------------------------------------
     0 | D:1      | Folque the Octopode Wizard began the quest for the Orb.
     0 | D:1      | Reached XP level 1. HP: 11/11 MP: 4/4
   188 | D:1      | Reached skill level 1 in Fighting
   290 | D:1      | Reached XP level 2. HP: 6/18 MP: 6/6
   791 | D:1      | Reached XP level 3. HP: 24/24 MP: 7/7
   795 | D:1      | Learned a level 2 spell: Call Imp
   798 | D:1      | Learned a level 2 spell: Blink
   802 | D:1      | Learned a level 3 spell: Mephitic Cloud
  1114 | D:2      | Found a stormy altar of Qazlal.
  1368 | D:2      | Reached skill level 1 in Poison Magic
  1579 | D:2      | Reached XP level 4. HP: 20/29 MP: 9/9
  2320 | D:3      | Reached XP level 5. HP: 31/34 MP: 8/10
  2421 | D:3      | Found a white marble altar of Elyvilon.
  2701 | D:3      | Found a snail-covered altar of Cheibriados.
  2701 | D:3      | Found a shadowy altar of Dithmenos.
  2702 | D:3      | Found a sacrificial altar of Ru.
  3186 | D:4      | Reached XP level 6. HP: 23/39 MP: 12/12
  3367 | D:4      | Noticed Ijyb
  3388 | D:4      | Killed Ijyb
  3388 | D:4      | Reached skill level 1 in Throwing
  3862 | D:4      | Found a shimmering altar of Xom.
  4273 | D:5      | Entered Level 5 of the Dungeon
  4273 | D:5      | Noticed Eustachio
  4273 | D:5      | Noticed a sky beast
  4790 | D:5      | Killed Eustachio
  4790 | D:5      | Reached skill level 5 in Spellcasting
  4790 | D:5      | Reached XP level 7. HP: 36/45 MP: 12/14
  4900 | D:5      | Reached skill level 5 in Conjurations
  5006 | D:5      | Slain by an ice beast

Skill      XL: |  1  2  3  4  5  6  7 |
---------------+----------------------+-----
Fighting       | 1 2 |  2.0
Poison Magic   | 1 2 3 |  3.0
Conjurations   | 2 4 5 |  5.1
Spellcasting   | 4 5 |  5.1
Throwing       | 1 |  1.0
Dodging        | |  2.0
Stealth        | |  2.6
Summonings     | |  1.0
Translocations | |  1.0

Action                   |  1- 3 |  4- 6 |  7- 9 || total
-------------------------+-------+-------+-------++-------
Melee: Club              |    31 |       |       ||    31
       Constrict         |    19 |    34 |     3 ||    56
       Tentacles         |    11 |    20 |     2 ||    33
       Unarmed           |     3 |       |       ||     3
       Dagger            |    11 |       |       ||    11
       Short sword       |    34 |   144 |       ||   178
       Falchion          |       |       |    13 ||    13
 Cast: Magic Dart        |     8 |    39 |       ||    47
       Call Imp          |     2 |    17 |     7 ||    26
       Mephitic Cloud    |       |     8 |     1 ||     9
       Blink             |       |     7 |     1 ||     8
  Use: Scroll            |     4 |       |     1 ||     5
       Potion            |     2 |       |       ||     2
 Stab: Sleeping          |     9 |    14 |     1 ||    24
       Confused          |       |     6 |       ||     6
       Distracted        |       |     2 |       ||     2
  Eat: Chunk             |     2 |     7 |       ||     9
       Bread ration      |       |     1 |       ||     1
Armor: Skin              |     6 |    12 |     1 ||    19
Dodge: Dodged            |    51 |    96 |    10 ||   157
       Rpst.: Falchion   |       |       |     3 ||     3
